 Dungeon Crawl Stone Soup version 0.25.1-2-g60ff931df9 (webtiles) character file.

Game seed: 1641319946826007973

3280 moonlapse the Carver (level 9, -7/79 HPs)
             Began as a Black Draconian Assassin on Oct 4, 2020.
             Shot with a sling bullet by Joseph (9 damage)
             ... on level 7 of the Dungeon.
             The game lasted 00:13:44 (8933 turns).

moonlapse the Carver (Black Draconian Assassin)     Turns: 8933, Time: 00:13:44

Health: -7/79      AC: 10    Str: 14      XL:     9   Next: 69%
Magic:  9/9        EV: 15    Int: 14 (15) God:
Gold:   299        SH:  4    Dex: 17 (18) Spells: 8/8 levels left

rFire    . . .     SeeInvis .   s - +0 falchion
rCold    . . .     Gourm    .   z - +0 buckler
rNeg     . . .     Faith    .   (armour unavailable)
rPois    .         Spirit   .   (helmet restricted)
rElec    +         Reflect  .   b - +0 cloak
rCorr    .         Harm     .   m - +0 pair of gloves
MR       +....                  k - +0 pair of boots
Stlth    +++.......             (no amulet)
HPRegen  0.23/turn              o - +6 ring of dexterity
MPRegen  0.11/turn              l - +4 ring of evasion

@: slowed, very slow
A: breathe lightning, unfitting armour, deterioration 2, magic resistance 1,
electricity resistance, cold-blooded, AC +7
a: Breathe Lightning


You were on level 7 of the Dungeon.
You were hungry.

You visited 1 branch of the dungeon, and saw 7 of its levels.

You collected 299 gold pieces.

Inventory:

Hand Weapons
 a - a +2 dagger
 s - a +0 falchion (weapon)
   (You found it on level 3 of the Dungeon)
Missiles
 g - 5 boomerangs
 u - 16 poisoned darts (quivered)
 A - a throwing net {=f, !d}
Armour
 b - a +0 cloak (worn)
 k - a +0 pair of boots (worn)
   (You found it on level 5 of the Dungeon)
 m - a +0 pair of gloves (worn)
   (You found it on level 2 of the Dungeon)
 z - a +0 buckler (worn)
   (You took it off an orc priest on level 4 of the Dungeon)
Jewellery
 l - a +4 ring of evasion (right hand)
   (You found it on level 2 of the Dungeon)
 o - a +6 ring of dexterity (left hand)
   (You found it on level 2 of the Dungeon)
Wands
 n - a wand of flame (13)
   (You found it on level 4 of the Dungeon)
 v - a wand of acid (11)
   (You found it on level 5 of the Dungeon)
 y - a wand of digging (4)
   (You found it on level 3 of the Dungeon)
Scrolls
 c - 2 scrolls of magic mapping {!r}
 e - 2 scrolls of fear
 h - 9 scrolls of identify
 i - 4 scrolls of teleportation
 j - 5 scrolls of remove curse
 r - a scroll of blinking {!r}
 B - a scroll of fog
Potions
 p - a potion of haste
 q - a potion of brilliance
 t - 2 potions of curing
 w - a potion of magic
 x - 3 potions of stabbing
 C - a potion of heal wounds {unknown}
Comestibles
 f - 12 rations


   Skills:
 - Level 7.3 Fighting
 - Level 2.0(8.0) Short Blades
 + Level 11.9 Long Blades
 - Level 1.7 Throwing
 - Level 0.8 Dodging
 - Level 3.6 Stealth
 + Level 0.1 Shields


You had 8 spell levels left.
You didn't know any spells.
Your spell library contained the following spells:

 Spells                   Type           Power        Failure   Level  Hunger
 Corona                   Hex            #......      43%         1    ##.....
 Ensorcelled Hibernation  Hex/Ice        #.....       56%         2    ###....
 Confusing Touch          Hex            #.......     80%         3    ####...
 Dazzling Flash           Conj/Hex       #.....       80%         3    ####...
 Tukima's Dance           Hex            #.......     80%         3    ####...


Dungeon Overview and Level Annotations

Branches:
Dungeon (7/15)             Temple (0/1) D:7

Altars:
Cheibriados
Ru
Sif Muna
Trog
Uskayaw

Annotations:
D:7 Dowan, Duvessa, Joseph


Innate Abilities, Weirdness & Mutations

You can breathe wild blasts of lightning.
Your glossy black scales are hard. (AC +7)
You cannot fit into any form of body armour.
You are resistant to electric shocks. (rElec)
You are cold-blooded and may be slowed by cold attacks.
Your body often deteriorates upon taking damage.
You are resistant to hostile enchantments. (MR+)


Message History

You climb downwards.
A howler monkey skeleton comes into view.
There is a stone staircase leading up here.
A howler monkey skeleton is nearby!
A howler monkey skeleton is nearby!
A howler monkey skeleton is nearby!
Throwing (i - inventory)
u - 16 poisoned darts (quivered)
Aim: a howler monkey skeleton (dormant)
You throw a poisoned dart.
The poisoned dart completely misses the howler monkey skeleton.
Throwing (i - inventory)
u - 15 poisoned darts (quivered)
Aim: a howler monkey skeleton You throw a poisoned dart.
The poisoned dart hits the howler monkey skeleton.
Throwing (i - inventory)
u - 14 poisoned darts (quivered)
Aim: a howler monkey skeleton You throw a poisoned dart.
The poisoned dart hits the howler monkey skeleton.
Your shield prevents you from hitting the howler monkey skeleton.
Your tail-slap misses the howler monkey skeleton.
The howler monkey skeleton closely misses you.
You riposte.
You hit the howler monkey skeleton. You slash the howler monkey skeleton!
You tail-slap the howler monkey skeleton.
The howler monkey skeleton barely misses you.
You barely miss the howler monkey skeleton.
You hit the howler monkey skeleton.
The howler monkey skeleton completely misses you.
You slash the howler monkey skeleton!
You destroy the howler monkey skeleton!
No target in view!
No target in view!
You may need something to eat soon, looking for food.
Can't find anything matching that.
Okay, then.
u - 14 poisoned darts (gained 1)
u - 15 poisoned darts (gained 1)
u - 16 poisoned darts (gained 1)
C - a coppery potion
h - 9 scrolls of identify (gained 1)
Found an escape hatch in the floor.
Found a stone staircase leading down and a stone staircase leading up.
j - 5 scrolls of remove curse (gained 1)
There is a stone staircase leading up here.
Joseph, a Mercenary comes into view.
He is wielding a +0 quarterstaff and carrying a wand of clouds (5).
Joseph unwields a +0 quarterstaff.
Joseph wields a +5 hunting sling of freezing.
It is covered in frost.
Joseph shoots a sling bullet.
The sling bullet hits you!
Your body deteriorates!
You feel dopey. The sling bullet freezes you.
You see here a sling bullet.
You take 12 damage, and have 67/79 hp.
Throwing (i - inventory)
u - 16 poisoned darts (quivered)
Aim: Joseph, wielding a +5 hunting sling of freezing, wearing a +0 leather armour, quivering 26 sling bullets and carrying a wand of clouds (5)
You throw a curare-tipped dart. The curare-tipped dart hits Joseph.
Joseph is poisoned.
Joseph convulses.
Joseph seems to slow down.
Joseph shoots a sling bullet.
The sling bullet hits you.
You feel yourself slow down. The sling bullet freezes you.
You take 6 damage, and have 61/79 hp.
Joseph shoots a sling bullet.
The sling bullet closely misses you.
Dowan, Brother of Duvessa comes into view.
He is wielding a +0 dagger.
You feel yourself speed up.
Dowan shouts!
Joseph shoots a sling bullet.
The sling bullet hits you!
You feel yourself slow down. The sling bullet freezes you.
You see here a sling bullet.
You take 13 damage, and have 48/79 hp.
Duvessa, Sister of Dowan comes into view.
She is wielding a +0 short sword.
Dowan smirks and points a slender finger.
Joseph shouts, "I love to fight!
I love killing!"
Joseph shoots a sling bullet.
The sling bullet hits you!
You feel as though you will be slow longer.
The sling bullet freezes you.
You see here a sling bullet.
You take 19 damage, and have 29/79 hp.
MASSIVE DAMAGE!!
Dowan points at you and mumbles some strange words.
The puff of frost hits you but does no damage.
Joseph unwields a +5 hunting sling of freezing.
Joseph wields a +0 quarterstaff.
Joseph hits you with a +0 quarterstaff!
* * * LOW HITPOINT WARNING * * *
Your body deteriorates!
You feel clumsy.
You take 10 damage, and have 19/79 hp.
Dowan points at you and mumbles some strange words.
You resist with almost no effort.
You feel yourself speed up. Joseph says, "I'm happy to see you.
And I'll be happy to kill you."
Joseph unwields a +0 quarterstaff.
Joseph wields a +5 hunting sling of freezing.
It is covered in frost.
Joseph shoots a sling bullet.
The sling bullet hits you!!
* * * LOW HITPOINT WARNING * * *
You feel yourself slow down. The sling bullet freezes you!
You die...

#. #.#......###..<# ###.##
#..((##### #####
......###......#
.............###
##.#.#.#.#.#...#
...........(...#
#...........#......(#...#
#................e.....##
............#...@.@.#...#
#.........e.............#
............#?......#...#
........................#
............#.#.#.#.#.....
......................[...
..........................
....#######......####....
#...# #.....


You could see Joseph (poisoned, slow), Duvessa (wandering) and Dowan.

Vanquished Creatures
  Prince Ribbit (D:5)
  Grinder (D:5)
  3 yaks
  A water moccasin (D:7)
  2 black bears
  3 ogres
  A crocodile (D:3)
  2 centaurs (D:6)
  2 bullfrogs
  A gnoll sergeant (D:7)
  A water moccasin zombie (D:6)
  2 scorpions
  4 wights (D:6)
  3 howler monkeys
  4 electric eels (D:4)
  A crimson imp (D:5)
  A jelly (D:6)
  4 orc priests
  5 hounds
  2 bullfrog skeletons
  3 orc wizards (D:6)
  An iguana (D:6)
  3 worker ants
  2 hound skeletons
  9 gnolls
  2 howler monkey skeletons
  9 adders
  A shadow imp (D:5)
  3 oozes
  3 adder skeletons
  4 worms
  2 dart slugs
  3 leopard geckos
  15 orcs
  8 giant cockroaches
  7 goblins
  6 hobgoblins
  7 jackals
  12 bats
  5 frilled lizards
  7 kobolds
  A leopard gecko skeleton (D:6)
  12 rats
169 creatures vanquished.

Notes
Turn   | Place    | Note
-------+----------+-------------------------------------------
     0 | D:1      | moonlapse the Draconian Assassin began the quest for the
                  | Orb.
     0 | D:1      | Reached XP level 1. HP: 17/17 MP: 1/1
   155 | D:1      | Reached skill level 3 in Fighting
   158 | D:1      | Reached XP level 2. HP: 25/26 MP: 2/2
   478 | D:1      | Reached XP level 3. HP: 31/33 MP: 3/3
   569 | D:1      | Reached skill level 4 in Fighting
  1131 | D:2      | Reached XP level 4. HP: 14/41 MP: 4/4
  1403 | D:2      | Found a shimmering blue altar of Sif Muna.
  1418 | D:2      | Reached skill level 5 in Fighting
  1779 | D:3      | Noticed a black bear
  2032 | D:2      | Killed a black bear
  2032 | D:2      | Reached skill level 6 in Fighting
  2032 | D:2      | Reached XP level 5. HP: 31/51 MP: 5/5
  2213 | D:3      | Noticed a crocodile
  2243 | D:3      | Killed a crocodile
  2243 | D:3      | Reached skill level 7 in Fighting
  2243 | D:3      | Reached XP level 6. HP: 50/60 MP: 6/6
  2407 | D:3      | Noticed a +0 dagger
  2407 | D:3      | Noticed a +0 dagger
  2423 | D:3      | Found a hide-covered altar of Uskayaw.
  2783 | D:3      | Reached skill level 1 in Long Blades
  3562 | D:4      | Reached skill level 2 in Long Blades
  3735 | D:4      | Noticed a yak
  3736 | D:4      | Noticed a yak
  3738 | D:4      | Noticed a yak
  3786 | D:4      | Gained mutation: Your body sometimes deteriorates upon
                  | taking damage. [potion of mutation]
  3786 | D:4      | Gained mutation: Your body often deteriorates upon taking
                  | damage. [potion of mutation]
  3786 | D:4      | Gained mutation: You are resistant to hostile enchantments.
                  | (MR+) [potion of mutation]
  3996 | D:3      | Killed a yak
  3996 | D:3      | Reached skill level 4 in Long Blades
  3996 | D:3      | Your scales start taking on a glossy black colour.
  3996 | D:3      | Reached XP level 7. HP: 33/66 MP: 7/7
  3996 | D:3      | Gained mutation: You are resistant to electric shocks.
                  | (rElec) [Black Draconian growth]
  4182 | D:3      | Killed a yak
  4182 | D:3      | Reached skill level 5 in Long Blades
  4390 | D:4      | Killed a yak
  4569 | D:4      | Reached skill level 6 in Long Blades
  4816 | D:4      | HP: 12/66 [shot self (9)]
  4837 | D:4      | HP: 14/66 [adder skeleton (3)]
  5211 | D:4      | Found a transporter.
  5247 | D:4      | Found a transporter.
  5291 | D:4      | Reached XP level 8. HP: 67/73 MP: 8/8
  5563 | D:4      | Reached skill level 7 in Long Blades
  5607 | D:5      | Entered Level 5 of the Dungeon
  5636 | D:5      | Noticed Prince Ribbit
  5652 | D:5      | Killed Prince Ribbit
  5652 | D:5      | Reached skill level 8 in Long Blades
  6343 | D:5      | Reached skill level 9 in Long Blades
  6411 | D:5      | Noticed Grinder
  6444 | D:5      | Killed Grinder
  6911 | D:5      | Found a bloodstained altar of Trog.
  6913 | D:5      | Found a snail-covered altar of Cheibriados.
  7116 | D:6      | Reached XP level 9. HP: 79/79 MP: 9/9
  7161 | D:6      | Reached skill level 10 in Long Blades
  7560 | D:6      | Reached skill level 11 in Long Blades
  8301 | D:7      | Found a sacrificial altar of Ru.
  8695 | D:7      | Found a staircase to the Ecumenical Temple.
  8924 | D:7      | Noticed Joseph
  8928 | D:7      | Noticed Dowan
  8930 | D:7      | Noticed Duvessa
  8931 | D:7      | HP: 19/79 [Joseph/+0 quarterstaff (10)]
  8933 | D:7      | HP: 2/79 [Joseph/sling bullet (18)]
  8933 | D:7      | Shot with a sling bullet by Joseph

Illustrated notes

Levels and vault maps discovered:
D:1:      enne_arrival_octagon_isle, layout_rooms, minmay_misc_feat_rows,
          patterned_corridor
D:2:      layout_rooms, marbit_many_paths, minmay_misc_feat_tower
D:3:      layout_loops_ring, dancing_weapons_uskayaw
D:4:      gammafunk_steamed_eel, layout_loops_corners, st_stairs_14
D:5:      layout_cave_pods, minitemple, serial_column_ruins, column_ruins_hut,
          column_ruins_square_medium, column_ruins_open_medium,
          column_ruins_open_small, column_ruins_columns_straight,
          column_ruins_columns_plus, column_ruins_columns_straight,
          column_ruins_columns_corner, column_ruins_corridor_corner,
          first_ration, nicolae_zen_rock_garden, uniq_prince_ribbit1,
          uniq_grinder
D:6:      layout_cave_pools
D:7:      layout_basic, nicolae_overflow_crystal_walls, lemuel_round_altar,
          minmay_temple_entry_glass, serial_co_window_serial, co_window_cross_1,
          co_window_cross_1, co_window_of_opportunity_a, co_window_paths_a,
          co_window_corner_a, co_window_broadway_a, co_window_corner_ca,
          co_window_unsneaky_path_c, co_window_paths_d, glass_columns_a,
          glass_columns_a, uniq_crazy_yiuf_cottage, uniq_duvessa, uniq_joseph

Skill      XL: |  1  2  3  4  5  6  7  8  9 |
---------------+----------------------------+-----
Fighting       | 3 4 6 7 |  7.3
Long Blades    | 4 6 9 11 | 11.9
Short Blades   | |  2.0
Throwing       | |  1.7
Dodging        | |  0.8
Stealth        | |  3.6
Shields        | |  0.1

Action                   |  1- 3 |  4- 6 |  7- 9 || total
-------------------------+-------+-------+-------++-------
Melee: Dagger            |   104 |    97 |       ||   201
       Tailslap          |     9 |    34 |    84 ||   127
       Unarmed           |       |     5 |       ||     5
       Falchion          |       |   101 |   392 ||   493
Throw: Dart              |    90 |    24 |   164 ||   278
       Boomerang         |       |     1 |       ||     1
 Abil: Breathe Lightning |       |       |     1 ||     1
Evoke: Wand              |       |       |     9 ||     9
  Use: Potion            |       |     9 |     1 ||    10
       Scroll            |       |     2 |     5 ||     7
 Stab: Sleeping          |       |     1 |     2 ||     3
  Eat: Chunk             |     1 |     9 |    12 ||    22
       Ration            |       |       |     1 ||     1
Armor: Skin              |    34 |    53 |    70 ||   157
Dodge: Dodged            |    47 |   171 |   274 ||   492
       Rpst.: Falchion   |       |    45 |    77 ||   122

Levels and vault maps discovered:
D:1:      enne_arrival_octagon_isle, layout_rooms, minmay_misc_feat_rows,
          patterned_corridor
D:2:      layout_rooms, marbit_many_paths, minmay_misc_feat_tower
D:3:      layout_loops_ring, dancing_weapons_uskayaw
D:4:      gammafunk_steamed_eel, layout_loops_corners, st_stairs_14
D:5:      layout_cave_pods, minitemple, serial_column_ruins, column_ruins_hut,
          column_ruins_square_medium, column_ruins_open_medium,
          column_ruins_open_small, column_ruins_columns_straight,
          column_ruins_columns_plus, column_ruins_columns_straight,
          column_ruins_columns_corner, column_ruins_corridor_corner,
          first_ration, nicolae_zen_rock_garden, uniq_prince_ribbit1,
          uniq_grinder
D:6:      layout_cave_pools
D:7:      layout_basic, nicolae_overflow_crystal_walls, lemuel_round_altar,
          minmay_temple_entry_glass, serial_co_window_serial, co_window_cross_1,
          co_window_cross_1, co_window_of_opportunity_a, co_window_paths_a,
          co_window_corner_a, co_window_broadway_a, co_window_corner_ca,
          co_window_unsneaky_path_c, co_window_paths_d, glass_columns_a,
          glass_columns_a, uniq_crazy_yiuf_cottage, uniq_duvessa, uniq_joseph

Table legend:
 A = Turns spent in this place as a percentage of turns spent in the entire game.
 B = Non-inter-level travel turns spent in this place as a percentage of non-inter-level travel turns spent in the entire game.
 C = Inter-level travel turns spent in this place as a percentage of turns spent in this place.
 D = Turns resting spent in this place as a percentage of non-inter-level travel turns spent in this place.
 E = Turns spent auto-exploring this place as a percentage of non-inter-level travel turns spent in this place.
 F = Non-inter-level travel turns spent in this place divided by the number of levels of this place that you've seen.
                   A       B       C       D       E      F
               +-------+-------+-------+-------+-------+----------------------
         Total | 100.0 | 100.0 |   3.8 |  30.2 |  48.7 | 1228.1
       Dungeon | 100.0 | 100.0 |   3.8 |  30.2 |  48.7 | 1228.1
               +-------+-------+-------+-------+-------+----------------------

Table legend:
 A = Kills in this place as a percentage of kills in entire the game.
 B = Kills by you in this place as a percentage of kills by you in the entire game.
 C = Kills by friends in this place as a percentage of kills by friends in the entire game.
 D = Other kills in this place as a percentage of other kills in the entire game.
 E = Experience gained in this place as a percentage of experience gained in the entire game.
 F = Experience gained in this place divided by the number of levels of this place that you have seen.
                   A       B       C       D       E      F
               +-------+-------+-------+-------+-------+----------------------
         Total | 100.0 | 100.0 |   N/A |   N/A | 100.0 | 669.4
       Dungeon | 100.0 | 100.0 |   N/A |   N/A | 100.0 | 669.4
               +-------+-------+-------+-------+-------+----------------------
